 Dungeon Crawl Stone Soup version 0.29-a0-1061-gbc57f8fbdb (webtiles) character file.

Game seed: 12640402087097638393

223778 KleinerIrrer the Eclecticist (level 20, -20/142 HPs)
             Began as a Djinni Summoner on Aug 17, 2022.
             Was the Champion of Makhleb.
             Killed from afar by a war gargoyle (62 damage)
             ... with a spray of metal splinters
             ... led by a peacekeeper
             ... on level 3 of the Vaults on Aug 18, 2022.
             The game lasted 03:16:56 (34585 turns).

KleinerIrrer the Eclecticist (Djinni Summoner)     Turns: 34585, Time: 03:16:57

Health: -20/142    AC: 23    Str: 16    XL:     20   Next: 4%
Gold:   4394       EV: 17    Int: 34    God:    Makhleb [******] SH: 28 Dex: 22

rFire   + + +      SeeInvis +   x - +6 short sword of Hubris {drain, Contam rElec rPois rF++}
rCold   + . .      Faith    .   H - +1 tower shield {rF+}
rNeg    . . .      Spirit   .   q - +4 scale mail {rC+}
rPois   ∞          Reflect  +   O - +2 helmet {Int+3}
rElec   +          Harm     .   h - +4 cloak of the Apothecary {Str+9}
rCorr   .          Rampage  .   g - +0 pair of gloves
Will    ++...                   (boots unavailable)
Stlth   +.........              L - amulet of reflection
HPRegen 0.33/turn               X - ring of protection from cold
MPRegen 0.00/turn               V - ring "Esyq" {Drain MP+9 Int+6 Dex+7 SInv}

@: flying
A: sickness immunity, fire resistance 2, cold vulnerability 1, float, innate
caster, HP casting, extra vitality 1
}: 1/15 runes: decaying
a: Renounce Religion, Minor Destruction, Lesser Servant of Makhleb, Major
Destruction, Greater Servant of Makhleb


You were on level 3 of the Vaults.
You worshipped Makhleb.
Makhleb was exalted by your worship.
You visited 7 branches of the dungeon, and saw 32 of its levels.
You also visited: Sewer, Bailey and Desolation.

You collected 6737 gold pieces.
You spent 2343 gold pieces at shops.

Inventory:

Hand Weapons
 b - the +0 staff of Battle
   (You found it in the Desolation of Salt)

   It enhances your conjuration magic.
   It summons a battlesphere in combat, with strength depending on Conjurations
   skill.
   Its strikes trigger the battlesphere's blasts.
 x - the +6 short sword of Hubris (weapon) {drain, Contam rElec rPois rF++}
   (You found it on level 3 of the Dungeon)

   A truly terrible weapon, it drains the life of any living foe it strikes.
   rF:        It greatly protects you from fire.
   rElec:     It insulates you from electricity.
   rPois:     It protects you from poison.
   Contam:    It causes magical contamination when unequipped.
 M - the +9 dagger of Corruption {venom, rF++}
   (You found it on level 2 of the Lair of Beasts)

   It poisons the flesh of those it strikes.
   rF:        It greatly protects you from fire.
 N - the +0 whip of Anuducer {holy, rPois rN+ Int+2}
   (You found it on level 8 of the Dungeon)

   It has been blessed by the Shining One to cause great damage to the undead
   and demons.
   Int:       It affects your intelligence (+2).
   rPois:     It protects you from poison.
   rN:        It protects you from negative energy.
 Q - the +6 broad axe of Obsession {venom, rC+ Int+3 SInv Stlth-}
   (You found it on level 10 of the Dungeon)

   It poisons the flesh of those it strikes.
   Int:       It affects your intelligence (+3).
   rC:        It protects you from cold.
   SInv:      It lets you see invisible.
   Stlth:     It makes you less stealthy.
Armour
 g - a +0 pair of gloves (worn)
 h - the +4 cloak of the Apothecary (worn) {Str+9}
   (You acquired it on level 10 of the Dungeon)

   Str:       It affects your strength (+9).
 k - a +1 kite shield of positive energy
 q - a +4 scale mail of cold resistance (worn)
 s - the +2 hat of the Bear Spirit {Spirit, *Rage Will++}
   (You found it in a bailey)

   Going berserk makes the wearer tougher, and they're slowed less afterward.
   *Rage:     It berserks you when you make melee attacks (+20% chance).
   Will:      It greatly increases your willpower.
 H - a +1 tower shield of fire resistance (worn)
 O - a +2 helmet of intelligence (worn)
Jewellery
 l - a ring of resist corrosion
 y - the ring "Vaekoim" {rN+ MP+9}
   (You found it on level 11 of the Dungeon)

   [ring of magical power]

   rN:        It protects you from negative energy.
   MP:        It affects your magic capacity (+9).
 C - a ring of willpower
 G - a ring of ice
 L - an amulet of reflection (around neck)
 V - the ring "Esyq" (right hand) {Drain MP+9 Int+6 Dex+7 SInv}
   (You found it on level 4 of the Lair of Beasts)

   [ring of intelligence]

   Int:       It affects your intelligence (+6).
   Dex:       It affects your dexterity (+7).
   MP:        It affects your magic capacity (+9).
   SInv:      It lets you see invisible.
   Drain:     It drains your maximum health when unequipped.
 W - the ring "Seosapn" {rN+ Int+5 Dex-5 SInv}
   (You took it off an imperial myrmidon in the Desolation of Salt)

   [ring of positive energy]

   Int:       It affects your intelligence (+5).
   Dex:       It affects your dexterity (-5).
   rN:        It protects you from negative energy.
   SInv:      It lets you see invisible.
 X - a ring of protection from cold (left hand)
 Y - the amulet "Bangixt" {RegenMP rC+}
   (You found it on level 3 of the Vaults)

   [amulet of magic regeneration]

   It increases your rate of magic regeneration.
   rC:        It protects you from cold.
 Z - the ring of Gosiwn {rF+ rN+ Str+4 SInv Stlth+}
   (You found it on level 11 of the Dungeon)

   [ring of protection from fire]

   Str:       It affects your strength (+4).
   rF:        It protects you from fire.
   rN:        It protects you from negative energy.
   SInv:      It lets you see invisible.
   Stlth:     It makes you more stealthy.
Wands
 c - a wand of acid (2)
 I - a wand of digging (5)
 K - a wand of roots (39)
 P - a wand of charming (35)
 S - a wand of polymorph (21)
 T - a wand of mindburst (19)
 U - a wand of flame (51)
Scrolls
 a - a scroll of silence
 d - 5 scrolls of enchant weapon
 i - 3 scrolls of brand weapon
 m - 4 scrolls of magic mapping
 n - 3 scrolls of vulnerability
 r - 3 scrolls of identify
 t - 9 scrolls of teleportation
 u - 2 scrolls of blinking
 v - 5 scrolls of poison
 B - 7 scrolls of immolation
 D - 6 scrolls of enchant armour
 E - 3 scrolls of butterflies
 J - 2 scrolls of torment
Potions
 e - 9 potions of might
 f - 10 potions of curing
 j - 2 potions of resistance
 o - 17 potions of mutation
 p - 3 potions of invisibility
 z - 13 potions of haste
 A - 7 potions of brilliance
 F - 3 potions of cancellation
 R - 3 potions of berserk rage
Miscellaneous
 w - a piece from Xom's chessboard (15/15)


   Skills:
 + Level 12.5 Fighting
 - Level 11.3 Armour
 + Level 14.1 Dodging
 - Level 1.5 Stealth
 + Level 17.3 Shields
 - Level 2.9 Unarmed Combat
 * Level 18.6 Spellcasting


You had 5 spell levels left.
You knew the following spells:

 Your Spells              Type           Power      Damage    Failure   Level
a - Summon Small Mammal   Summ           100%       N/A       0%          1
b - Call Imp              Summ           100%       N/A       0%          2
c - Call Canine Familiar  Summ           100%       N/A       0%          3
d - Summon Guardian Gole  Hex/Summ       100%       N/A       0%          3
e - Summon Lightning Spi  Summ/Air       100%       N/A       1%          4
f - Necrotise             Necr           100%       1d9       0%          1
g - Wereblood             Tmut           100%       N/A       0%          2
h - Vampiric Draining     Necr           100%       2d13      0%          3
i - Mephitic Cloud        Conj/Pois/Air  100%       N/A       0%          3
j - Summon Ice Beast      Ice/Summ       100%       N/A       1%          4
k - Iskenderun's Battles  Conj           100%       2d15      1%          5
l - Conjure Ball Lightni  Conj/Air       51%        3x3d18    1%          6
m - Storm Form            Tmut/Air       51%        N/A       3%          7
n - Spellforged Servitor  Conj/Summ      51%        N/A       3%          7
Your spell library was empty.

Dungeon Overview and Level Annotations

Branches:
Dungeon (15/15)            Temple (1/1) D:4            Lair (5/5) D:8
  Swamp (4/4) Lair:3        Snake (2/4) Lair:3        Slime (0/5) Lair:4
    Orc (2/2) D:9             Elf (0/3) Orc:2        Vaults (2/5) D:13
 Depths (0/4) D:15          Sewer (visited)          Bailey (visited)
Desolation (visited)
  Crypt: Vaults:2-3

Altars:
Ashenzari
Fedhas
Makhleb
Nemelex Xobeh
Qazlal
Trog
Uskayaw
Xom
Yredelemnul
Jiyva

Shops:
D:5 [   D:6 =   D:11 **   D:12 [   Orc:2 *=[?

Annotations:
D:11 3 runed translucent doors, kuniqs's ghost, journeyman DsIE
Lair:2 1 runed translucent door
Snake:2 Mlioglotl
Vaults:2 Mennas


Innate Abilities, Weirdness & Mutations

You are immune to sickness and miasma.
You are immune to poison.
Your flesh is very heat resistant. (rF++)
You are vulnerable to cold. (rC-)
You float through the air rather than walking.
You learn spells naturally, not from books.
Your magical power is your life essence.
You have superior vitality. (+4 MHP)


Message History

The spray of metal splinters hits you but does no damage.
Casting: Call Canine Familiar (safe; 0% risk of failure)
Confirm with . or Enter, or press ? or * to list all spells.
An electric hum fills the air.
The war gargoyle no longer looks unusually strong.
The peacekeeper bites your lightning spire!
The peacekeeper claws your lightning spire but does no damage.
The war gargoyle launches metal splinters at you.
The spray of metal splinters hits your warg!!!
Your warg dies!
Your warg's corpse disappears in a puff of smoke!
The spray of metal splinters misses you.
The war gargoyle launches metal splinters at you.
The spray of metal splinters hits your lightning spire!!!
The spray of metal splinters misses you.
Your white imp gestures at the war gargoyle.
The puff of frost hits the war gargoyle.
The war gargoyle resists.
The peacekeeper hurls a volley of spikes at you.
The volley of spikes hits your lightning spire but does no damage.
The war gargoyle no longer looks unusually strong.
The war gargoyle hits your lightning spire with a +0 dire flail!
Your lightning spire is destroyed!
Your lightning spire disappears in a puff of smoke!
Your white imp hits the war gargoyle but does no damage.
Unknown command.
Casting: Summon Lightning Spire (safe; 1% risk of failure)
Confirm with . or Enter, or press ? or * to list all spells.
A chill wind blows around you.
Your white imp hits the war gargoyle but does no damage.
You block the war gargoyle's attack. The peacekeeper bites you.
You block the peacekeeper's attack.
Unknown command.
Casting: Summon Ice Beast (safe; 1% risk of failure)
Confirm with . or Enter, or press ? or * to list all spells.
* * * LOW HITPOINT WARNING * * *
You block the peacekeeper's attack. x2
The war gargoyle launches metal splinters at you.
The spray of metal splinters hits you!!!
You die...

##...# #....#
#....# #....#
####'####
#.......#
#..9.5..#
#...9...#
#.9@Y...#
#..h....#
#.......#
#.......# ###
########'######
..## #....[.)[[#
...## #.........#
....## #....[....#
.....###.........#


You could see 2 war gargoyles, a peacekeeper, a friendly warg (summoned), a
friendly ice beast (summoned) and a friendly white imp (summoned).

Vanquished Creatures
  Sojobo (Vaults:2)
  Nikola (Snake:2)
  Rupert (Lair:2)
  Jorgrun (Snake:1)
  Asterion (Vaults:2)
  Frances (Swamp:2)
  A sphinx (Vaults:2)
  3 tengu reavers
  A frost giant (D:13)
  2 vault wardens (Vaults:1)
  An iron dragon (Vaults:1)
  An imperial myrmidon (Desolation)
  4 ironbound preservers
  2 ironbound thunderhulks
  Nessos (Lair:5)
  3 eleionomae (Swamp:2)
  A dire elephant (Vaults:1)
  A halazid warlock (Desolation)
  An entropy weaver (Vaults:1)
  A bunyip (Swamp:4)
  A fire dragon (Swamp:4)
  A shambling mangrove (Swamp:2)
  3 yaktaur captains (Vaults:1)
  2 ragged hierophants (Desolation)
  The ghost of RichitheSlayer the Cleaver, a journeyman MiFi of the Shining One (D:10)
  3 vault guards
  3 servants of whispers (Desolation)
  12 hydras
  A salamander tyrant (Snake:2)
  An ogre mage (D:15)
  2 boulder beetles
  A merfolk avatar (Lair:5)
  9 centaur warriors
  6 two-headed ogres
  2 naga warriors (Snake:2)
  5 alligators
  4 tengu warriors
  A naga sharpshooter (Snake:2)
  2 orc high priests (Orc:1)
  2 spriggans
  3 salamander mystics
  5 goliath frogs
  5 swamp dragons (Swamp:4)
  A deep troll (Vaults:1)
  A spriggan druid (Swamp:1)
  A naga ritualist (Snake:2)
  A wizard (Vaults:1)
  5 ironbound convokers
  Pikel (D:8)
  3 lindwurms
  A harpy (Vaults:1)
  2 mana vipers (Snake:2)
  7 ugly things
  A deep elf pyromancer (Bailey)
  2 will-o-the-wisps
  2 orc knights
  9 salamanders
  2 orc sorcerers
  5 cyclopes
  A manticore (D:15)
  5 vault sentinels (Vaults:1)
  A centaur zombie (D:10)
  4 guardian serpents
  5 naga magi
  9 black mambas
  4 cane toads
  A molten gargoyle (Desolation)
  An unseen horror (D:12)
  3 rime drakes
  3 komodo dragons
  A freezing wraith (D:12)
  3 yaktaurs
  A merfolk (shapeshifter) (D:13)
  A troll (Orc:1)
  A polar bear (Lair:2)
  3 tyrant leeches
  7 saltlings (Desolation)
  3 bloated husks
  3 hornets (Swamp:1)
  8 blink frogs
  2 wind drakes (Lair:5)
  11 slime creatures
  A centaur simulacrum (D:13)
  13 yaks
  6 wyverns
  2 basilisks
  8 vampire mosquitoes
  9 nagas
  An acid dragon (D:12)
  5 swamp worms
  A warg (D:9)
  3 water moccasins (Lair:1)
  4 swamp drakes
  12 orc warriors
  An ice beast (D:5)
  Pargi (Sewer)
  A black bear (Lair:3)
  5 ogres
  A wolf (Lair:2)
  6 centaurs
  A kobold brigand (D:9)
  4 bullfrogs
  A scorpion (D:4)
  7 killer bees (D:9)
  A lava snake (Swamp:4)
  A jelly (D:5)
  6 hounds
  11 orc priests
  An iguana (D:5)
  19 orc wizards
  A gnoll (D:5)
  8 adders
  A shadow imp (Orc:2)
  2 white imps (D:7)
  An ufetubus (D:4)
  A worm (D:4)
  31 orcs
  3 ball pythons
  5 endoplasms
  A giant cockroach (Sewer)
  6 goblins
  6 hobgoblins
  3 jackals (D:4)
  3 quokkas
  3 frilled lizards
  5 kobolds
  4 rats (D:2)
445 creatures vanquished.

Vanquished Creatures (collateral kills)
  A sphinx (Vaults:2)
  A vault warden (Vaults:2)
  2 imperial myrmidons (Desolation)
  2 ironbound preservers (Vaults:1)
  An eleionoma (Swamp:1)
  A dire elephant (Vaults:1)
  A bunyip (Swamp:4)
  3 fire dragons
  2 crystal guardians (Desolation)
  2 ragged hierophants (Desolation)
  The ghost of Deankoak the Basher, a journeyman DrCK of Xom (Lair:4)
  Erica (Orc:1)
  A servant of whispers (Desolation)
  10 hydras
  A peacekeeper (Desolation)
  2 ghost crabs
  3 two-headed ogres
  2 death knights (D:13)
  2 ironbound frosthearts (Vaults:1)
  3 naga warriors (Snake:1)
  2 centaur warriors (Vaults:1)
  5 alligators
  5 tengu warriors
  2 death yaks (Lair:3)
  A dancing weapon (Lair:4)
  2 naga sharpshooters (Snake:1)
  An orc high priest (Orc:2)
  Sonja (Lair:4)
  2 fire crabs (Swamp:4)
  2 goliath frogs
  4 skeletal warriors
  3 deep trolls (Vaults:1)
  3 swamp dragons (Swamp:4)
  6 bog bodies
  A naga ritualist (Snake:1)
  6 lindwurms
  2 deep elf zephyrmancers
  5 ironbound convokers
  2 necromancers (Vaults:2)
  3 orc knights
  An orc sorcerer (Orc:2)
  5 harpies
  3 mana vipers (Snake:1)
  2 phantasmal warriors (Vaults:1)
  An ugly thing (D:9)
  A cyclops (D:15)
  4 manticores
  A will-o-the-wisp (Lair:3)
  2 salamanders (Snake:1)
  An elephant (Lair:5)
  2 naga magi (Snake:1)
  11 black mambas
  4 vault sentinels
  8 cane toads
  2 molten gargoyles
  A yaktaur zombie (Vaults:2)
  A freezing wraith (D:13)
  3 rime drakes
  5 yaktaurs
  3 komodo dragons
  3 yaktaur skeletons (Vaults:2)
  A wind drake (Lair:5)
  A polar bear (Lair:5)
  3 tyrant leeches
  4 trolls
  6 slime creatures
  6 hornets
  18 saltlings (Desolation)
  13 blink frogs
  Sigmund (D:2)
  A shadow (D:8)
  4 wraiths
  A human (shapeshifter) (D:14)
  36 yaks
  6 spriggans
  3 wyverns
  A basilisk (D:15)
  A redback (Vaults:1)
  2 steam dragons
  9 vampire mosquitoes
  7 swamp worms
  3 acid dragons
  16 nagas
  8 water moccasins
  A nameless horror (Desolation)
  7 swamp drakes
  11 orc warriors
  2 sky beasts
  An ogre (D:5)
  A centaur (D:7)
  8 wolves
  A phantom (D:7)
  A kobold brigand (Sewer)
  3 necrophages
  4 bullfrogs
  7 wights
  10 killer bees (D:9)
  A crimson imp (Orc:2)
  2 howler monkeys (D:9)
  4 centaur zombies (D:10)
  2 human zombies
  3 hounds
  2 jellies
  6 orc priests
  5 iguanas
  11 orc wizards
  2 mummies (D:10)
  Robin (D:2)
  4 adders
  2 gnolls (D:5)
  3 white imps
  A howler monkey simulacrum (D:11)
  2 dart slugs
  49 orcs
  5 endoplasms
  5 giant cockroaches
  14 goblins
  6 kobolds
  2 quokkas
  5 ball pythons
  5 bats
  A frilled lizard (D:1)
  17 rats
  10 ball lightnings
542 creatures vanquished.

Vanquished Creatures (others)
  Margery (Vaults:2)
  2 vault wardens (Vaults:1)
  A dire elephant (Vaults:1)
  3 ragged hierophants (Desolation)
  2 servants of whispers (Desolation)
  A centaur warrior (Vaults:3)
  2 peacekeepers (Desolation)
  A hydra (Swamp:4)
  A death yak (Lair:3)
  2 tengu warriors
  3 hell knights (Vaults:2)
  A spriggan druid (Swamp:4)
  3 goliath frogs
  2 necromancers (Vaults:2)
  A deep elf pyromancer (Orc:2)
  2 will-o-the-wisps
  A manticore (Lair:5)
  A vault sentinel (Vaults:3)
  A cane toad (Lair:2)
  4 yaktaurs (Vaults:2)
  A tengu conjurer (D:15)
  A bloated husk (Swamp:2)
  A blink frog (Lair:5)
  17 saltlings (Desolation)
  4 slime creatures
  A basilisk (D:13)
  7 yaks
  4 swamp drakes
  An iron imp (Orc:2)
  2 orcs (Orc:2)
  235 ball lightnings
  34 foxfires
  19 fungi
  49 plants
411 creatures vanquished.

Grand Total: 1398 creatures vanquished

Notes
Turn   | Place    | Note
-------+----------+-------------------------------------------
     0 | D:1      | KleinerIrrer the Djinni Summoner began the quest for the
                  | Orb.
     0 | D:1      | KleinerIrrer set off with the following spells memorised:
                  | Summon Small Mammal, Call Imp, Call Canine Familiar, Summon
                  | Guardian Golem, Summon Lightning Spire.
     0 | D:1      | Reached XP level 1. HP: 15/15 MP: 0/0
   296 | D:1      | Reached XP level 2. HP: 11/21 MP: 0/0
   801 | D:1      | Reached XP level 3. HP: 24/25 MP: 0/0
   801 | D:1      | Learned a level 1 spell: Necrotise
   926 | D:1      | Reached skill level 4 in Spellcasting
  1263 | D:2      | Found the amulet of Elemental Vulnerability {rPois rF--
                  | rC-- AC+8}
  1477 | D:2      | Noticed Sigmund
  1490 | D:2      | Killed Sigmund
  1491 | D:2      | Reached skill level 5 in Spellcasting
  1491 | D:2      | Reached XP level 4. HP: 16/31 MP: 0/0
  1491 | D:2      | Reached XP level 5. HP: 18/35 MP: 0/0
  1491 | D:2      | Learned a level 2 spell: Wereblood
  1491 | D:2      | Reached XP level 6. HP: 21/40 MP: 0/0
  1655 | D:2      | Found a faded altar of an unknown god.
  2196 | D:2      | Noticed Robin
  2221 | D:2      | Killed Robin
  2779 | D:3      | Identified the +6 short sword of Hubris {drain, Contam
                  | rElec rPois rF++}
  2962 | D:4      | Found a sparkling altar of Nemelex Xobeh.
  3182 | D:4      | Reached skill level 6 in Spellcasting
  3248 | D:4      | Found a staircase to the Ecumenical Temple.
  3258 | Temple   | Entered the Ecumenical Temple
  3295 | Temple   | Became a worshipper of Makhleb the Destroyer
  3600 | D:4      | Reached XP level 7. HP: 37/45 MP: 0/0
  3600 | D:4      | Learned a level 3 spell: Vampiric Draining
  4171 | D:5      | Entered Level 5 of the Dungeon
  4414 | D:5      | Reached skill level 7 in Spellcasting
  4435 | D:5      | Reached * piety under Makhleb
  4458 | D:5      | Reached XP level 8. HP: 18/50 MP: 0/0
  4785 | D:5      | Found Imecvium's Armour Boutique.
  4859 | D:5      | Bought a +0 buckler for 67 gold pieces
  5127 | D:5      | Reached skill level 1 in Fighting
  5159 | D:5      | Found a shimmering altar of Xom.
  5274 | D:6      | Found Roboh's Jewellery Shoppe.
  5370 | D:6      | Reached ** piety under Makhleb
  5376 | D:6      | Found a glowing drain.
  5409 | Sewer    | Entered a sewer
  5707 | Sewer    | Noticed Pargi
  5719 | Sewer    | Killed Pargi
  5720 | Sewer    | Reached skill level 8 in Spellcasting
  5720 | Sewer    | Reached XP level 9. HP: 35/60 MP: 0/0
  5720 | Sewer    | Learned a level 3 spell: Mephitic Cloud
  6571 | D:7      | Reached skill level 1 in Armour
  6585 | D:7      | Reached skill level 1 in Shields
  6623 | D:7      | Found a bloodstained altar of Trog.
  7038 | D:8      | Found a staircase to the Lair.
  7093 | D:8      | Noticed Pikel
  7104 | D:8      | Reached skill level 5 in Dodging
  7109 | D:8      | Killed Pikel
  7176 | D:8      | Reached XP level 10. HP: 67/69 MP: 0/0
  7254 | D:8      | Identified 3 scrolls of acquirement
  7255 | D:8      | Acquired 819 gold pieces
  7320 | D:6      | Bought a +4 ring of protection for 432 gold pieces
  7320 | D:6      | Bought an amulet of reflection for 360 gold pieces
  7480 | D:8      | Identified the +0 whip of Anuducer {holy, rPois rN+ Int+2}
  7766 | D:8      | Found a basalt altar of Yredelemnul.
  7809 | D:9      | Reached skill level 5 in Fighting
  7966 | D:9      | Reached *** piety under Makhleb
  7973 | D:9      | Reached skill level 9 in Spellcasting
  8032 | D:9      | Reached skill level 5 in Armour
  8032 | D:9      | Reached skill level 5 in Shields
  8032 | D:9      | Reached XP level 11. HP: 71/76 MP: 0/0
  8032 | D:9      | Learned a level 4 spell: Summon Ice Beast
  8097 | D:9      | Found a staircase to the Orcish Mines.
  8483 | D:9      | Noticed a purple ugly thing
  8499 | D:9      | Killed a purple ugly thing
  8500 | D:9      | Reached skill level 10 in Spellcasting
  8540 | D:9      | Noticed a tengu warrior
  8553 | D:9      | Killed a tengu warrior
  8615 | D:9      | Noticed a two-headed ogre
  8631 | D:9      | Killed a two-headed ogre
  8807 | Lair:1   | Entered Level 1 of the Lair of Beasts
  8896 | Lair:1   | Acquired 968 gold pieces
  8965 | D:6      | Bought a +4 ring of protection for 432 gold pieces
  9029 | Lair:1   | Reached **** piety under Makhleb
  9068 | Lair:1   | Reached skill level 11 in Spellcasting
  9335 | Lair:1   | Noticed a six-headed hydra
  9340 | Lair:1   | Reached XP level 12. HP: 76/81 MP: 0/0
  9344 | Lair:1   | Killed a six-headed hydra
  9459 | Lair:1   | Noticed a four-headed hydra
  9470 | Lair:1   | Killed a four-headed hydra
  9728 | Lair:2   | Reached skill level 12 in Spellcasting
  9855 | Lair:2   | Found a runed translucent door.
 10068 | Lair:2   | Identified the +9 dagger of Corruption {venom, rF++}
 10285 | Lair:2   | Identified the +0 pair of boots of Good Intentions {rElec
                  | Will+ Str-4}
 10308 | Lair:2   | Reached ***** piety under Makhleb
 10566 | Lair:3   | Noticed Rupert
 10696 | Orc:1    | Entered Level 1 of the Orcish Mines
 10696 | Orc:1    | Noticed Erica
 10767 | Orc:1    | Killed Erica
 10931 | Orc:2    | Entered Level 2 of the Orcish Mines
 10973 | Orc:1    | Reached XP level 13. HP: 86/86 MP: 0/0
 10973 | Orc:1    | Learned a level 5 spell: Iskenderun's Battlesphere
 11032 | Orc:2    | Found a staircase to the Elven Halls.
 11133 | Orc:2    | Paralysed by an orc sorcerer for 3 turns
 11180 | D:9      | Reached skill level 13 in Spellcasting
 11713 | Orc:2    | Found Mimmof's Assorted Antiques.
 11713 | Orc:2    | Found Dynuu's Magic Scroll Shop.
 11715 | Orc:2    | Found Ygeyplef's Armour Shop.
 11715 | Orc:2    | Found Soized's Jewellery Emporium.
 11726 | Orc:2    | Bought a smoky ruby potion for 20 gold pieces
 11726 | Orc:2    | Bought a fuming black potion for 20 gold pieces
 11726 | Orc:2    | Bought 2 smoky ruby potions for 41 gold pieces
 11733 | Orc:2    | Bought a +1 cloak of stealth for 247 gold pieces
 11741 | Orc:2    | Bought a scroll of teleportation for 42 gold pieces
 11741 | Orc:2    | Bought a scroll of identify for 28 gold pieces
 11741 | Orc:2    | Bought a scroll of identify for 28 gold pieces
 11741 | Orc:2    | Bought a scroll of identify for 28 gold pieces
 11741 | Orc:2    | Bought a scroll of identify for 28 gold pieces
 11741 | Orc:2    | Bought a scroll of blinking for 105 gold pieces
 11750 | Orc:2    | Acquired 935 gold pieces
 11964 | Lair:2   | Paralysed by Rupert for 2 turns
 11984 | Lair:2   | Killed Rupert
 12134 | Lair:3   | Found a staircase to the Swamp.
 12201 | Lair:3   | Acquired a manual of Shields
 12234 | Lair:3   | Reached ****** piety under Makhleb
 12357 | Lair:3   | Reached XP level 14. HP: 91/94 MP: 0/0
 12605 | Lair:3   | Found a staircase to the Snake Pit.
 12791 | Lair:3   | Upgraded the game from 0.29-a0-1052-g6990b1bffc to
                  | 0.29-a0-1061-gbc57f8fbdb
 12876 | Lair:4   | Noticed Sonja
 12887 | Lair:4   | Killed Sonja
 12888 | Lair:4   | Reached skill level 10 in Shields
 12928 | Lair:4   | Reached skill level 14 in Spellcasting
 13135 | Lair:4   | Found a runed translucent door.
 13135 | Lair:4   | Found a shimmering altar of Xom.
 13135 | Lair:4   | Noticed Deankoak's ghost (journeyman DrCK)
 13188 | Lair:4   | Killed Deankoak's ghost
 13240 | Lair:4   | Identified the ring "Esyq" {Drain MP+9 Int+6 Dex+7 SInv}
 13262 | Lair:4   | Found a viscous altar of Jiyva.
 13263 | Lair:4   | Found a staircase to the Slime Pits.
 13804 | Lair:5   | Entered Level 5 of the Lair of Beasts
 14381 | Lair:5   | Acquired 670 gold pieces
 14956 | Lair:5   | Noticed Nessos
 14993 | Lair:5   | Killed Nessos
 15552 | Orc:1    | Reached XP level 15. HP: 100/103 MP: 0/0
 15552 | Orc:1    | Learned a level 6 spell: Conjure Ball Lightning
 15799 | Snake:1  | Entered Level 1 of the Snake Pit
 15888 | Snake:1  | Noticed Jorgrun
 15898 | Snake:1  | HP: 3/104 [Jorgrun/blast of rock fragments (26)]
 15987 | Snake:1  | Killed Jorgrun
 16257 | Orc:2    | Bought a +4 scale mail of cold resistance for 465 gold
                  | pieces
 16730 | D:10     | Entered Level 10 of the Dungeon
 16819 | D:10     | Found a flagged portal.
 16827 | Bailey   | Entered a bailey
 16864 | Bailey   | Found a large runed translucent door.
 16864 | Bailey   | Found a large runed translucent door.
 16884 | Bailey   | Found the +2 hat of the Bear Spirit {Spirit, *Rage Will++}
 17066 | D:10     | Acquired the +4 cloak of the Apothecary {Str+9}
 17566 | D:10     | Found a runed translucent gate.
 17568 | D:10     | Found a runed translucent gate.
 17569 | D:10     | Noticed RichitheSlayer's ghost (journeyman MiFi)
 17570 | D:10     | Found a runed translucent gate.
 17606 | D:10     | Killed RichitheSlayer's ghost
 17621 | D:10     | Identified the +6 broad axe of Obsession {venom, rC+ Int+3
                  | SInv Stlth-}
 17768 | D:10     | Reached skill level 15 in Spellcasting
 18286 | D:11     | Found Inkuin's Pet Rocks.
 18376 | D:11     | Found Bypaipn's Fire Supplies.
 18484 | D:11     | Found a runed translucent gate.
 18485 | D:11     | Found a runed translucent gate.
 18489 | D:11     | Found a runed translucent gate.
 18492 | D:11     | Noticed kuniqs's ghost (journeyman DsIE)
 18623 | D:11     | Identified the ring of Gosiwn {rF+ rN+ Str+4 SInv Stlth+}
 18650 | D:11     | Identified the ring "Vaekoim" {rN+ MP+9}
 18780 | D:12     | Found Tasedghi's Armour Emporium.
 19412 | D:13     | Reached XP level 16. HP: 108/112 MP: 0/0
 19730 | D:13     | Noticed a frost giant
 20130 | D:13     | Found a gate to the Vaults.
 20738 | D:13     | Killed a frost giant
 20739 | D:13     | Reached skill level 10 in Armour
 21776 | D:15     | Entered Level 15 of the Dungeon
 22959 | D:15     | Found a staircase to the Depths.
 23020 | D:15     | Found a broken altar of Ashenzari.
 23041 | D:15     | Reached skill level 10 in Fighting
 23469 | D:15     | Reached skill level 15 in Shields
 24404 | Snake:1  | Reached XP level 17. HP: 109/119 MP: 0/0
 24404 | Snake:1  | Learned a level 7 spell: Storm Form
 24423 | Snake:1  | Reached skill level 10 in Dodging
 24713 | Snake:2  | Noticed Nikola
 24717 | Snake:2  | Identified the +1 leather armour of Makhleb's Reproof
                  | {-Tele Will++ Str+7}
 24723 | Snake:2  | Killed Nikola
 24724 | Snake:2  | Reached skill level 1 in Unarmed Combat
 24724 | Snake:2  | Reached skill level 16 in Spellcasting
 25140 | Snake:2  | Noticed Mlioglotl
 25888 | Swamp:1  | Entered Level 1 of the Swamp
 27066 | Swamp:2  | Noticed Frances
 27312 | Swamp:2  | Killed Frances
 27771 | Swamp:3  | Reached skill level 17 in Spellcasting
 28263 | Swamp:2  | Reached XP level 18. HP: 124/126 MP: 0/0
 28721 | Swamp:3  | Found a hide-covered altar of Uskayaw.
 29104 | Swamp:4  | Entered Level 4 of the Swamp
 29829 | Swamp:4  | Got a decaying rune of Zot
 30132 | Vaults:1 | Entered Level 1 of the Vaults
 30468 | Vaults:1 | Reached XP level 19. HP: 132/133 MP: 0/0
 30468 | Vaults:1 | Learned a level 7 spell: Spellforged Servitor
 31175 | Vaults:1 | Reached skill level 18 in Spellcasting
 31640 | Vaults:2 | Noticed Margery
 31648 | Vaults:2 | Killed Margery
 31780 | Vaults:2 | Found a crumbling gateway.
 31797 | Desolati | Entered the Desolation of Salt
 32571 | Desolati | Identified the amulet "Abloll" {Acrobat Slay+2}
 32906 | Desolati | Identified the +1 flail of the Shouting Blowfly {vorpal,
                  | Dex+2}
 32993 | Desolati | Identified the ring "Seosapn" {rN+ Int+5 Dex-5 SInv}
 33575 | Desolati | Identified the +1 robe "Kanlej" {rF+}
 33579 | Desolati | Found the +0 staff of Battle
 33938 | Vaults:2 | Noticed Sojobo
 33950 | Vaults:2 | Noticed Asterion
 33964 | Vaults:2 | Noticed Mennas
 33967 | Vaults:2 | Killed Sojobo
 33967 | Vaults:2 | Killed Asterion
 34476 | Vaults:2 | You are sucked into a shaft and drop 1 floor!
 34495 | Vaults:3 | Reached XP level 20. HP: 118/142 MP: 0/0
 34532 | Vaults:3 | Identified the amulet "Bangixt" {RegenMP rC+}
 34585 | Vaults:3 | Killed from afar by a war gargoyle

Illustrated notes

Levels and vault maps discovered:
D:1:      giann_forest_graveyard, layout_basic
D:2:      layout_basic, hellmonk_ecumenical_altar_arch_garden,
          minmay_crystal_room, minmay_rat_hole, uniq_robin, uniq_sigmund
D:3:      layout_rooms
D:4:      minmay_chambers_of_twos, layout_basic,
          nemelex_xobeh_ov_fountains_minmay, minmay_temple_entry_large_hall,
          lightli_corner_chamber
D:5:      layout_loops_ring, dk_xom_monty_hall, serial_shops, shop, minivault_4,
          hangedman_decor_lopped
D:6:      layout_basic, gup_sewer_entry_glass, minmay_shop_enchanted_jewellery,
          hangedman_decor_clover_reticule, minmay_misc_feat_cross
D:7:      layout_basic, mainiacjoe_overflow_brackets
D:8:      layout_loops_cross, nicolae_overflow_hidden_temple, dpeg_oklobed_lair,
          uniq_pikel
D:9:      layout_irregular_city, orc_0_dummy, hangedman_glass_teeth,
          reono_crystal_passage, wad_mini_maze
D:10:     layout_layer_cave, lemuel_mausoleum_altar_kikubaaqudgha,
          gammafunk_ghost_hydra_chop, enter_bailey_3
D:11:     minmay_blocky_corners, layout_cave_pools, gammafunk_ghost_ooze,
          nicolae_shop_fire_sale [nicolae_sub_dead_trees], guppyfry_shop_earth
D:12:     layout_big_octagon, serial_shops, nicolae_shop_hallway_plus,
          minmay_microvault
D:13:     evilmike_horseshoe, layout_gridville, david_vaults_4,
          nrook_guardian_serpent_ordinary
D:14:     layout_loops_cross
D:15:     grunt_enter_depths_hoard, layout_grid_maze, minmay_misc_feat_plants,
          ashenzari_altar_1
Temple:   bh_familiar_temple
Lair:1:   layout_misc_corridors, grunt_forest_small_clearing_treed,
          infiniplex_staircase_pool, grunt_megastairs_2
Lair:2:   gammafunk_indiana_jones, layout_regular_city
Lair:3:   layout_roguey, minmay_swamp_entry_wisps,
          minmay_snake_entry_guardpost_large, nicolae_lair_lindhole, uniq_rupert
Lair:4:   layout_cave_pods, slime_entry_1, ebering_ghost_xom, uniq_sonja
Lair:5:   gammafunk_lair_ancient_temple, layout_layer_cave, lemuel_fruit_fields,
          serial_bayou_shore_b, uniq_nessos
Swamp:1:  layout_falls_marsh, nicolae_swamp_very_dense_foliage, swamp_pool4,
          lightli_tree_ring
Swamp:2:  layout_basic_swamp, evilmike_swamp_ruin_rubble_1, uniq_frances
Swamp:3:  layout_basic_swamp, lemuel_altar_in_water
Swamp:4:  swamp_fiery, layout_basic_swamp
Snake:1:  layout_misc_corridors, uniq_jorgrun
Snake:2:  layout_gridlike, grunt_megastairs_5, uniq_nikola, uniq_mlioglotl
Orc:1:    layout_caves, uniq_erica
Orc:2:    grunt_orc_tribal_feast, layout_diamond_mine, hangedman_minor_magic
Vaults:1: nicolae_vaults_specimen_jars, nicolae_vaults_stairing_the_circle,
          v_misc_28, dpeg_vaults_hating_casters, vaults_standard_mumra_x,
          nicolae_vaults_shelves_hall, nicolae_vaults_mini_display_case,
          grunt_vaults_swirl, vaults_room_fancy_cross,
          nicolae_vaults_border_crossing, v_misc_25, vaults_dpeg_hooks,
          nicolae_vaults_little_squares_2, v_misc_16, grunt_vaults_focal,
          nicolae_vaults_ring_of_whatevers, layout_vaults_big_cross
Vaults:2: portal_desolation_entry_nicolae_slug, nicolae_vaults_angled_halls,
          v_rooms_1, v_misc_19, ontoclasm_vaults_ring_square,
          nicolae_vaults_ninety_degrees, ontoclasm_vaults_decontamination,
          layout_vaults_omnigrid, uniq_asterion, uniq_sojobo, uniq_mennas,
          uniq_margery
Vaults:3: minmay_crypt_entry_necro_gods, v_misc_29, ontoclasm_vaults_misaligned,
          gammafunk_sealed_arena, hangedman_vaults_variations, vaults_room_pool,
          ontoclasm_vaults_ring_large, nicolae_vaults_little_squares_3,
          nicolae_vaults_big_ls, nicolae_vaults_diagonal_hallway_6,
          vaults_mumra_chevron, layout_vaults_omnibox

Skill      XL: |  1  2  3  4  5  6  7  8  9 10 11 12 13 14 15 16 17 18 19 |
---------------+----------------------------------------------------------+-----
Spellcasting   | 5 6 7 8 9 11 12 13 14 15 17 18 | 18.6
Fighting       | 3 4 5 6 8 9 10 11 12 | 12.5
Dodging        | 4 5 6 7 9 11 13 14 | 14.1
Armour         | 3 5 6 7 9 11 | 11.3
Shields        | 3 5 6 8 9 12 13 15 16 17 | 17.3
Unarmed Combat | 2 |  2.9
Stealth        | |  1.5

Action                   |  1- 3 |  4- 6 |  7- 9 | 10-12 | 13-15 | 16-18 | 19-21 || total
-------------------------+-------+-------+-------+-------+-------+-------+-------++-------
Melee: Short sword       |    18 |    33 |    46 |    50 |    84 |    65 |   101 ||   397
       Unarmed           |     4 |       |       |       |       |    11 |       ||    15
       Club              |     4 |       |       |       |       |       |       ||     4
       Dagger            |       |     2 |       |       |       |       |       ||     2
       Punch             |       |       |       |       |       |     1 |       ||     1
Throw: Dart              |     3 |       |       |       |       |       |       ||     3
 Cast: Summon Small Mamm |    11 |       |       |       |     3 |       |       ||    14
       Call Imp          |    13 |    18 |    20 |    22 |    44 |    34 |    24 ||   175
       Call Canine Famil |     1 |    11 |    17 |    24 |    53 |    63 |    32 ||   201
       Necrotise         |       |    28 |     9 |     2 |     1 |       |     1 ||    41
       Summon Guardian G |       |     2 |     8 |     6 |    31 |    27 |    20 ||    94
       Vampiric Draining |       |       |    49 |   112 |   264 |   330 |   130 ||   885
       Summon Lightning  |       |       |     5 |    19 |    57 |    52 |    15 ||   148
       Mephitic Cloud    |       |       |       |    12 |    12 |       |     1 ||    25
       Summon Ice Beast  |       |       |       |    36 |    78 |    76 |    33 ||   223
       Wereblood         |       |       |       |     7 |     6 |     1 |     3 ||    17
       Iskenderun's Batt |       |       |       |       |     2 |       |       ||     2
       Conjure Ball Ligh |       |       |       |       |    15 |    55 |     8 ||    78
       Storm Form        |       |       |       |       |       |     1 |       ||     1
       Spellforged Servi |       |       |       |       |       |       |     6 ||     6
Evoke: Wand              |       |       |       |       |       |     2 |       ||     2
  Use: Potion            |     1 |       |     1 |       |     2 |     1 |     4 ||     9
       Scroll            |       |     7 |     5 |     8 |    20 |     7 |     7 ||    54
 Stab: Sleeping          |       |     2 |     2 |       |     1 |       |       ||     5
       Confused          |       |       |       |     1 |     1 |       |       ||     2
       Distracted        |       |       |       |       |     1 |     2 |     6 ||     9
Armor: Robe              |    11 |    21 |    32 |       |       |       |       ||    64
       Troll leather arm |       |       |     6 |    52 |    63 |       |       ||   121
       Scale mail        |       |       |       |       |    25 |   235 |    62 ||   322
       Skin              |       |       |       |       |       |     2 |       ||     2
Dodge: Dodged            |    32 |    35 |    54 |    82 |   151 |   227 |    96 ||   677
Block: Buckler           |       |       |    13 |    38 |       |       |       ||    51
       Kite shield       |       |       |       |   105 |   402 |   192 |       ||   699
       Reflection        |       |       |       |     2 |    26 |    70 |    21 ||   119
       Tower shield      |       |       |       |       |       |   577 |   375 ||   952
       Other             |       |       |       |       |       |     4 |       ||     4

Table legend: (Time is in decaauts)
 A = Elapsed time spent in this place.
 B = Non-inter-level travel time spent in this place.
 C = Inter-level travel time spent in this place.
 D = Time resting spent in this place.
 E = Time spent auto-exploring this place.
 F = Levels seen in this place.
 G = Mean time per level.
                   A        B        C        D        E       F      G
               +--------+--------+--------+--------+--------+-----+--------+
         Total |  34800 |  30994 |   3806 |   4599 |  17640 |  35 |  994.3 |
       Dungeon |  16206 |  14552 |   1654 |   1288 |  10235 |  15 | 1080.4 |
        Temple |     52 |     29 |     23 |      0 |     24 |   1 |   52.0 |
          Lair |   5842 |   4828 |   1014 |    265 |   3122 |   5 | 1168.4 |
         Swamp |   4054 |   3641 |    413 |   1291 |   1338 |   4 | 1013.5 |
     Snake Pit |   1866 |   1667 |    199 |     72 |   1013 |   2 |  933.0 |
  Orcish Mines |   1603 |   1379 |    224 |     66 |    647 |   2 |  801.5 |
        Vaults |   2453 |   2178 |    275 |    390 |   1065 |   3 |  817.7 |
         Sewer |    456 |    456 |      0 |    192 |    160 |   1 |  456.0 |
        Bailey |    236 |    236 |      0 |      0 |      0 |   1 |  236.0 |
    Desolation |   2027 |   2027 |      0 |   1035 |     36 |   1 | 2027.0 |
               +--------+--------+--------+--------+--------+-----+--------+

Top non-repeatable levels by time:
Desolation: 2027 daAuts
Vaults:1: 1728 daAuts
    D:13: 1677 daAuts
    D:15: 1429 daAuts
     D:2: 1422 daAuts
 Swamp:2: 1391 daAuts
  Lair:5: 1342 daAuts
     D:9: 1328 daAuts
    D:14: 1312 daAuts
  Lair:3: 1221 daAuts
 Swamp:1: 1206 daAuts
 Snake:1: 1167 daAuts
     D:4: 1158 daAuts
  Lair:2: 1150 daAuts
    D:10: 1138 daAuts
